 Dungeon Crawl Stone Soup version 0.27-a0-1189-gb8eb6cee8e (webtiles) character file.

Game seed: 2551249677634805281

3981 siradein the Slicer (level 10, -4/71 HPs)
             Began as a Vampire Gladiator on May 22, 2021.
             Was a Follower of Wu Jian.
             Slain by a hornet (10 damage)
             ... on level 8 of the Dungeon.
             The game lasted 00:22:15 (7068 turns).

siradein the Slicer (Vampire Gladiator)             Turns: 7068, Time: 00:22:15

Health: -4/71      AC: 11    Str: 13    XL:     10   Next: 2%
Magic:  10/10      EV: 14    Int: 12    God:    Wu Jian [*.....]
Gold:   333        SH:  0    Dex: 16    Spells: 9/9 levels left

rFire    + . .     SeeInvis +   y - +10 whip of Youthful Indiscretion {chaos, rN+ Dex-2 SInv Stlth+}
rCold    . . .     Faith    +   (no shield)
rNeg     + . .     Spirit   .   M - +1 leather armour {rF+}
rPois    +         Reflect  .   c - +0 helmet
rElec    .         Harm     .   (no cloak)
rCorr    .         Rampage  .   C - +0 pair of gloves
Will     +....                  g - +0 pair of boots
Stlth    ++........             B - amulet of faith
HPRegen  0.41/turn              l - +4 ring of protection
MPRegen  0.12/turn              o - ring of poison resistance

@: lethally poisoned (-4 -> -6), healing quickly
A: alive, fangs 3, see invisible, vampiric 2
a: Exsanguinate, Renounce Religion


You were on level 8 of the Dungeon.
You worshipped Wu Jian.
Wu Jian was aware of your devotion.
You visited 2 branches of the dungeon, and saw 9 of its levels.

You collected 333 gold pieces.

Inventory:

Hand Weapons
 a - a +0 rapier
 y - the +10 whip of Youthful Indiscretion (weapon) {chaos, rN+ Dex-2 SInv Stlth+}
   (You took it off an orc priest on level 5 of the Dungeon)

   Each time it hits an enemy it has a different, random effect.
   It affects your dexterity (-2).
   It protects you from negative energy.
   It lets you see invisible.
   It makes you more stealthy.
 K - a +5 great sword of freezing
 N - a +1 short sword of flaming
Missiles
 b - 20 poisoned darts (quivered)
 d - 3 throwing nets
 s - 8 javelins
Armour
 c - a +0 helmet (worn)
 g - a +0 pair of boots (worn)
 C - a +0 pair of gloves (worn)
 G - +0 steam dragon scales
 M - a +1 leather armour of fire resistance (worn)
Jewellery
 l - a +4 ring of protection (left hand)
 o - a ring of poison resistance (right hand)
 x - an amulet of guardian spirit
 B - an amulet of faith (around neck)
Wands
 E - a wand of polymorph (9)
Scrolls
 f - 3 scrolls of teleportation {unknown}
 i - 5 scrolls of identify {unknown}
 k - 2 scrolls of magic mapping {unknown}
 m - a scroll of fear {unknown}
 p - a scroll of amnesia {unknown}
 t - a scroll of enchant armour {unknown}
 u - 3 scrolls of noise {unknown}
 v - a scroll of immolation {unknown}
 A - 2 scrolls of fog {unknown}
 D - a scroll of acquirement {unknown}
 I - a scroll of enchant weapon {unknown}
 J - a scroll of holy word {unknown}
Potions
 e - 5 potions of brilliance {unknown}
 h - 2 potions of curing {unknown}
 j - 4 potions of attraction {unknown}
 n - 5 potions of heal wounds {unknown}
 q - a potion of resistance {unknown}
 r - a potion of haste {unknown}
 w - a potion of might {unknown}
 z - a potion of mutation {unknown}
 F - a potion of degeneration {unknown}
 H - a potion of lignification {unknown}
 L - a potion of flight {unknown}


   Skills:
 + Level 3.6 Fighting
 - Level 14.0 Short Blades
 - Level 1.5 Throwing
 + Level 2.7 Armour
 + Level 5.1 Dodging


You had 9 spell levels left.
You didn't know any spells.
Your spell library contained the following spells:

 Spells                   Type           Power      Damage    Failure   Level
 Animate Skeleton         Necr           0%         N/A       38%         1
 Magic Dart               Conj           0%         1d3       38%         1
 Pain                     Necr           0%         1d4       38%         1
 Sandblast                Erth           0%         2d4       38%         1
 Passwall                 Tmut/Erth      0%         N/A       54%         2
 Searing Ray              Conj           0%         3d3       54%         2
 Dazzling Flash           Conj/Hex       0%         N/A       77%         3
 Stone Arrow              Conj/Erth      0%         3d7       77%         3
 Vampiric Draining        Necr           0%         2d6       77%         3
 Animate Dead             Necr           0%         N/A       99%         4
 Fulminant Prism          Conj/Hex       0%         3d6       99%         4
 Iskenderun's Mystic Bla  Conj/Tloc      0%         2d3       99%         4
 Petrify                  Tmut/Erth      0%         N/A       99%         4
 Agony                    Necr           0%         N/A       100%        5
 Lee's Rapid Deconstruct  Erth           0%         3d5*      100%        5


Dungeon Overview and Level Annotations

Branches:
Dungeon (8/15)             Temple (1/1) D:6
   Lair: D:8-11

Altars:
Ashenzari
Dithmenos
Elyvilon
Fedhas
Gozag
Hepliaklqana
Kikubaaqudgha
Makhleb
Nemelex Xobeh
Okawaru
Ru
Sif Muna
Uskayaw
Vehumet
Wu Jian
Yredelemnul
Zin
The Shining One

Shops:
D:1 (   D:5 *

Annotations:
D:4 3 runed translucent doors, Nolbo's ghost, amateur OpTm


Innate Abilities, Weirdness & Mutations

Your natural rate of healing is accelerated.
You have razor-sharp teeth.
You have supernaturally acute eyesight. (SInv)
You are afflicted with vampirism and can become a bat while bloodless.


Message History

You feel clumsy.
The +10 whip of Youthful Indiscretion {chaos, rN+ Dex-2 SInv Stlth+} is briefly surrounded by a scintillating aura of random colours.
y - the +10 whip of Youthful Indiscretion (weapon)
{chaos, rN+ Dex-2 SInv Stlth+} The hornet misses you.
You hit the hornet but do no damage.
The hornet is moderately wounded.
The hornet stings you but does no damage. x2
You hit the hornet.
The hornet suddenly seems more agile.
The hornet is heavily wounded.
The hornet stings you.
You hit the hornet. You freeze the hornet. Your bite misses the hornet.
The hornet is heavily wounded.
The hornet stings you.
You are poisoned.
The hornet stings you but does no damage.
You miss the hornet.
The hornet is heavily wounded.
You feel very sick. The hornet stings you! The hornet stings you.
You are too injured to fight recklessly!
Unknown command.
You are too injured to fight recklessly!
You whack the hornet!
The hornet is almost dead.
You feel sick. The hornet stings you!
* * * LOW HITPOINT WARNING * * *
You miss the hornet.
The hornet is almost dead.
You feel sick. The hornet barely misses you.
The hornet stings you but does no damage.
You hit the hornet but do no damage.
The hornet resists with almost no effort.
The hornet is almost dead.
You feel sick. The hornet stings you.
* * * LOW HITPOINT WARNING * * *
The hornet stings you but does no damage.
You miss the hornet.
The hornet is almost dead.
You feel sick. The hornet stings you!
You die...

.## #.# #.#.........#.# #.####.#
#...#####...#.# ##.....#####..##
##.##.#
#.####.......########.##)########
..........<.###........).........
..........### #)#################
########.## #.# #.######.####
#.#......@y.# #.#.####.##.# #.#
#.# .# #.# #.# .# #.# #.# .# #.#
#.# .# #.# .# ..# .#


You could see a hornet (agile).

Vanquished Creatures
  Pikel (D:6)
  Joseph (D:8)
  Maggie (D:6)
  A troll (D:7)
  Sigmund (D:6)
  2 water moccasins
  3 orc warriors
  2 ice beasts
  A necrophage (D:6)
  3 ogres
  2 phantoms
  A centaur (D:6)
  A kobold brigand (D:8)
  A bullfrog (D:7)
  A scorpion (D:5)
  A water moccasin zombie (D:5)
  3 killer bees (D:8)
  4 wights (D:8)
  A howler monkey (D:5)
  A centaur zombie (D:8)
  2 orc priests
  2 hounds
  An iguana (D:5)
  3 jellies
  Jessica (D:3)
  Ijyb (D:3)
  5 orc wizards
  Terence (D:2)
  A hound zombie (D:5)
  3 adders
  A shadow imp (D:5)
  3 white imps (D:6)
  An adder skeleton (D:4)
  A worm (D:5)
  A dart slug (D:1)
  13 orcs
  9 ball pythons
  2 bats
  4 endoplasms
  2 giant cockroaches
  6 goblins
  5 hobgoblins
  4 jackals (D:1)
  6 quokkas
  3 frilled lizards
  13 kobolds
  2 rats
128 creatures vanquished.

Vanquished Creatures (others)
  An ogre (D:5)
  An orc wizard (D:5)
  A fungus (D:4)
  3 plants (D:4)
6 creatures vanquished.

Grand Total: 134 creatures vanquished

Notes
Turn   | Place    | Note
-------+----------+-------------------------------------------
     0 | D:1      | siradein the Vampire Gladiator began the quest for the Orb.
     0 | D:1      | Reached XP level 1. HP: 16/16 MP: 1/1
   185 | D:1      | Reached skill level 4 in Short Blades
   185 | D:1      | Reached XP level 2. HP: 22/22 MP: 2/2
   466 | D:1      | Found Bevuk's Weapon Shop.
   543 | D:1      | Gained mutation: You are afflicted with vampirism and can
                  | become a bat while bloodless. [Vampire growth]
   543 | D:1      | Reached XP level 3. HP: 26/27 MP: 3/3
   627 | D:1      | Found a faded altar of an unknown god.
  1068 | D:2      | Noticed Terence
  1081 | D:2      | Killed Terence
  1082 | D:2      | Reached skill level 5 in Short Blades
  1189 | D:2      | Reached XP level 4. HP: 33/33 MP: 4/4
  2009 | D:3      | Noticed Ijyb
  2009 | D:3      | Paralysed by Ijyb for 3 turns
  2011 | D:3      | Noticed Jessica
  2013 | D:3      | Paralysed by Ijyb for 7 turns
  2023 | D:3      | Paralysed by Ijyb for 4 turns
  2031 | D:3      | Killed Jessica
  2032 | D:3      | Reached skill level 6 in Short Blades
  2041 | D:3      | Paralysed by Ijyb for 6 turns
  2051 | D:3      | Killed Ijyb
  2052 | D:3      | Reached XP level 5. HP: 26/38 MP: 5/5
  2380 | D:4      | Found a runed translucent gate.
  2380 | D:4      | Found a runed translucent gate.
  2381 | D:4      | Noticed a phantom
  2384 | D:4      | Noticed Nolbo's ghost (amateur OpTm)
  2411 | D:4      | Found a runed translucent gate.
  2414 | D:4      | Killed a phantom
  2415 | D:4      | Reached skill level 7 in Short Blades
  2546 | D:4      | Reached XP level 6. HP: 42/44 MP: 6/6
  2837 | D:5      | Entered Level 5 of the Dungeon
  2912 | D:5      | Reached skill level 8 in Short Blades
  3326 | D:5      | Identified the +10 whip of Youthful Indiscretion {chaos,
                  | rN+ Dex-2 SInv Stlth+}
  3370 | D:5      | Noticed a water moccasin
  3385 | D:5      | Killed a water moccasin
  3386 | D:5      | Reached skill level 9 in Short Blades
  3386 | D:5      | Reached XP level 7. HP: 46/49 MP: 7/7
  3605 | D:5      | Reached skill level 10 in Short Blades
  3774 | D:5      | Reached XP level 8. HP: 47/55 MP: 8/8
  3807 | D:5      | Found Moelan's General Store.
  3871 | D:5      | Found a broken altar of Ashenzari.
  4447 | D:6      | Noticed Sigmund
  4465 | D:6      | Reached skill level 11 in Short Blades
  4478 | D:6      | Killed Sigmund
  4593 | D:6      | Noticed Pikel
  4608 | D:6      | Killed Pikel
  4609 | D:6      | Reached skill level 12 in Short Blades
  4678 | D:6      | Found a staircase to the Ecumenical Temple.
  4735 | D:6      | Reached XP level 9. HP: 61/61 MP: 9/9
  4764 | Temple   | Entered the Ecumenical Temple
  4965 | Temple   | Became a worshipper of the Wu Jian Council
  5050 | D:6      | Noticed Maggie
  5067 | D:6      | Reached skill level 13 in Short Blades
  5077 | D:6      | Killed Maggie
  6081 | D:7      | Noticed a troll
  6092 | D:7      | Killed a troll
  6093 | D:7      | Reached skill level 14 in Short Blades
  6093 | D:7      | Reached skill level 1 in Armour
  6471 | D:8      | Reached * piety under Wu Jian
  6576 | D:8      | Noticed Joseph
  6595 | D:8      | Killed Joseph
  6867 | D:8      | Reached skill level 5 in Dodging
  6921 | D:8      | Reached XP level 10. HP: 69/70 MP: 10/10
  7068 | D:8      | Slain by a hornet

Illustrated notes

Levels and vault maps discovered:
D:1:      dpeg_arrival_tiny_k, layout_basic, hellmonk_ecumenical_altar_lost_god,
          serial_shops, nicolae_shop_crystal
D:2:      layout_basic, uniq_terence
D:3:      layout_basic, serial_forest, infiniplex_forest_clump_tiny,
          infiniplex_forest_clump_tiny, infiniplex_forest_clump_curved,
          infiniplex_forest_end_1, infiniplex_forest_clump_curved,
          infiniplex_forest_end_1, infiniplex_forest_end_2, uniq_jessica,
          uniq_ijyb
D:4:      layout_basic, gammafunk_ghost_nasty_kobolds, amethyst_killhole
D:5:      layout_loops_ring, nicolae_overflow_crystal_walls, serial_shops,
          nicolae_shop_trees, serial_glass, glass_columns_a, glass_columns_a,
          item_on_display_a, item_on_display_a, minmay_strange_pillars,
          feat_on_display, serial_park_tiny_2, kennysheep_generic_room_10
D:6:      layout_basic, lemuel_round_altar, minmay_temple_entry_slanted,
          uniq_pikel, uniq_sigmund, uniq_maggie
D:7:      layout_loops_ring
D:8:      layout_loops_ring, uniq_joseph
Temple:   eino_temple_rhombus

Skill      XL: |  1  2  3  4  5  6  7  8  9 |
---------------+----------------------------+-----
Short Blades   | 4 5 6 7 9 10 12 14 | 14.0
Fighting       | 3 |  3.6
Armour         | 2 |  2.7
Dodging        | 5 |  5.1
Throwing       | |  1.5

Action                   |  1- 3 |  4- 6 |  7- 9 | 10-12 || total
-------------------------+-------+-------+-------+-------++-------
Melee: Rapier            |   119 |   183 |   200 |       ||   502
       Bite              |    15 |    22 |    39 |     2 ||    78
       Whip              |       |       |   121 |     8 ||   129
       Short sword       |       |       |     8 |    29 ||    37
       Great sword       |       |       |     5 |       ||     5
Throw: Dart              |       |     2 |       |       ||     2
Invok: Lunge             |       |       |    11 |       ||    11
 Stab: Sleeping          |       |       |     1 |       ||     1
       Confused          |       |       |     2 |       ||     2
       Petrified         |       |       |     4 |       ||     4
       Petrifying        |       |       |     2 |       ||     2
Armor: Leather armour    |    36 |       |       |     9 ||    45
       Ring mail         |     6 |    73 |    32 |       ||   111
       Plate armour      |       |       |    44 |       ||    44
       Steam dragon scal |       |       |    33 |       ||    33
Dodge: Dodged            |   104 |    75 |   118 |    16 ||   313
       Rpst.: Great sword |       |       |     1 |       ||     1

Table legend: (Time is in decaauts)
 A = Elapsed time spent in this place.
 B = Non-inter-level travel time spent in this place.
 C = Inter-level travel time spent in this place.
 D = Time resting spent in this place.
 E = Time spent auto-exploring this place.
 F = Levels seen in this place.
 G = Mean time per level.
                   A        B        C        D        E       F      G
               +--------+--------+--------+--------+--------+-----+--------+
         Total |   6946 |   6573 |    373 |      8 |   5113 |   9 |  771.8 |
       Dungeon |   6728 |   6355 |    373 |      8 |   4916 |   8 |  841.0 |
        Temple |    217 |    217 |      0 |      0 |    197 |   1 |  217.0 |
               +--------+--------+--------+--------+--------+-----+--------+

Top non-repeatable levels by time:
     D:5: 1236 daAuts
     D:4: 933 daAuts
     D:6: 911 daAuts
     D:1: 848 daAuts
     D:7: 793 daAuts
     D:3: 784 daAuts
     D:8: 680 daAuts
     D:2: 540 daAuts
  Temple: 217 daAuts
